 Dungeon Crawl Stone Soup version 0.27.1-2-g3b301248ec (webtiles) character file.

Game seed: 10656246501163957586

203 Descartes the Sneak (level 5, -2/25 HPs)
             Began as a Spriggan Artificer on Sept 24, 2021.
             Was an Initiate of Gozag.
             Killed from afar by nemesis's ghost (5 damage)
             ... with a magic dart
             ... on level 3 of the Dungeon.
             The game lasted 00:13:48 (5341 turns).

Descartes the Sneak (Spriggan Artificer)            Turns: 5341, Time: 00:13:49

Health: -2/25      AC:  2    Str:  9    XL:     5   Next: 51%
Magic:  0/8        EV: 18    Int: 18    God:    Gozag
Gold:   79         SH:  0    Dex: 16    Spells: 7/7 levels left

rFire    . . .     SeeInvis +   f - -3 dagger (drain)
rCold    . . .     Faith    .   (shield restricted)
rNeg     . . .     Spirit   +   b - +0 robe
rPois    .         Reflect  .   (helmet restricted)
rElec    .         Harm     .   (no cloak)
rCorr    .         Rampage  .   (gloves unavailable)
Will     .....                  (boots unavailable)
Stlth    +++.......             m - amulet of guardian spirit
HPRegen  0.08/turn              p - +6 ring of intelligence
MPRegen  0.11/turn              (no ring)

@: gold aura, very quick
A: very small, no large weapons, unfitting armour, see invisible, speed 3
a: Renounce Religion, Potion Petition, Call Merchant, Bribe Branch


You were on level 3 of the Dungeon.
You worshipped Gozag.
Gozag was noncommittal.
You visited 2 branches of the dungeon, and saw 5 of its levels.

You collected 149 gold pieces.
You paid 70 gold pieces to Gozag.

Inventory:

Hand Weapons
 a - a +0 club
 f - a -3 dagger of draining (weapon)
 h - a +0 hunting sling
 t - a +2 vorpal long sword
 v - a +0 short sword
Missiles
 j - 62 arrows
 n - 10 poisoned darts
 u - 70 stones
Armour
 b - a +0 robe (worn)
Jewellery
 m - an amulet of guardian spirit (around neck)
 p - a +6 ring of intelligence (left hand)
 q - an amulet of the acrobat
Wands
 d - a wand of charming (7)
Scrolls
 i - 3 scrolls of enchant armour {unknown}
 l - a scroll of silence {unknown}
 o - a scroll of amnesia {unknown}
 r - a scroll of magic mapping {unknown}
 s - a scroll of identify {unknown}
Potions
 g - 4 potions of heal wounds {unknown}
 k - a potion of curing {unknown}
Miscellaneous
 e - a piece from Xom's chessboard (15/15)


   Skills:
 - Level 0.7 Fighting
 + Level 1.3 Short Blades
 + Level 2.1 Slings
 + Level 4.3 Dodging
 * Level 5.0 Stealth
 + Level 1.8 Spellcasting
 + Level 5.0 Evocations


You had 7 spell levels left.
You didn't know any spells.
Your spell library was empty.

Dungeon Overview and Level Annotations

Branches:
Dungeon (4/15)             Temple (1/1) D:4

Altars:
Ashenzari
Elyvilon
Fedhas
Gozag
Hepliaklqana
Makhleb
Nemelex Xobeh
Okawaru
Vehumet
Zin
The Shining One

Annotations:
D:3 nemesis's ghost, amateur DsCj


Innate Abilities, Weirdness & Mutations

You are very small and have problems with some larger weapons.
You are too small for most types of armour.
You have supernaturally acute eyesight. (SInv)
You cover ground extremely quickly. (Speed+++)


Message History

The magic dart hits your ogre!
Your ogre dies!
Aiming: Charm
Press: ? - help, Shift-Dir - straight line, f/p - nemesis's ghost
Aim: nemesis's ghost (severely damaged, chance to affect: 43%) Nemesis's ghost is charmed.
You swap places.
You now have 79 gold pieces (gained 15).
You see here a +0 giant spiked club.
Really attack your ally nemesis's ghost? [Y]es or [N]o only, please.
Really attack your ally nemesis's ghost? [Y]es or [N]o only, please.
Really attack your ally nemesis's ghost?
You hit nemesis's ghost but do no damage.
Nemesis's ghost is no longer charmed.
Nemesis's ghost is severely damaged.
Nemesis's ghost gestures at you while chanting.
The magic dart hits you!
* * * LOW HITPOINT WARNING * * *
You closely miss nemesis's ghost.
Nemesis's ghost is severely damaged.
Nemesis's ghost hits you but does no damage.
You closely miss nemesis's ghost.
Nemesis's ghost is severely damaged.
Nemesis's ghost closely misses you.
You barely miss nemesis's ghost.
Nemesis's ghost is severely damaged.
Nemesis's ghost casts a spell at you. The magic dart hits you.
* * * LOW HITPOINT WARNING * * *
You closely miss nemesis's ghost.
Nemesis's ghost is severely damaged.
Nemesis's ghost gestures at you while chanting.
The magic dart hits you.
* * * LOW HITPOINT WARNING * * *
Nemesis's ghost gestures at you while chanting.
The magic dart hits you.
You die...
Your body crumbles into a pile of gold.

#.....>.#.##..######
#.........##..#
####..#>#.##.##
##....#.....#.#.##.#
.....#...>W..#.##.#
...#.#.###.###.##.# #.#
...# #.# #.##.# #
#.###.####.###..... #
#.#.###.##...@......#
#.#.#........#.######.#
##..........###.######
.(............[........
##..............#######
#.###.#.#####..# #.
#.#.#####..# ##.
#.#.##.....# .#.
#.#.##.##.##


You could see nemesis's ghost.

Vanquished Creatures
  A water moccasin (D:3)
  2 adders (D:2)
  2 gnolls (D:2)
  A worm (D:2)
  2 dart slugs
  4 bats
  3 endoplasms (D:2)
  4 giant cockroaches
  4 goblins
  5 hobgoblins
  2 jackals (D:1)
  4 kobolds
  7 quokkas
  4 ball pythons
  2 frilled lizards (D:2)
  5 rats
52 creatures vanquished.

Vanquished Creatures (collateral kills)
  A frilled lizard (D:3)
1 creature vanquished.

Vanquished Creatures (others)
  An ogre (D:3)
1 creature vanquished.

Grand Total: 54 creatures vanquished

Notes
Turn   | Place    | Note
-------+----------+-------------------------------------------
     0 | D:1      | Descartes the Spriggan Artificer began the quest for the
                  | Orb.
     0 | D:1      | Reached XP level 1. HP: 9/9 MP: 2/2
   519 | D:1      | Reached XP level 2. HP: 14/14 MP: 3/3
  2029 | D:2      | Reached XP level 3. HP: 17/17 MP: 4/4
  2060 | D:2      | Found a faded altar of an unknown god.
  2195 | D:2      | Reached skill level 1 in Slings
  2611 | D:2      | Reached skill level 1 in Spellcasting
  3516 | D:2      | Reached XP level 4. HP: 21/21 MP: 6/6
  3744 | D:3      | Noticed a water moccasin
  3744 | D:3      | Found a runed translucent gate.
  3744 | D:3      | Found a runed translucent gate.
  3745 | D:3      | Found a runed translucent gate.
  3745 | D:3      | Found an opulent altar of Gozag.
  3765 | D:3      | Noticed a scorpion
  3829 | D:3      | Noticed nemesis's ghost (amateur DsCj)
  4706 | D:3      | Killed a water moccasin
  4707 | D:3      | Reached skill level 1 in Short Blades
  4707 | D:3      | Reached skill level 5 in Stealth
  4707 | D:3      | Reached skill level 5 in Evocations
  4707 | D:3      | Reached XP level 5. HP: 19/25 MP: 4/8
  4730 | D:3      | Became a worshipper of Gozag Ym Sagoz the Greedy
  4988 | D:4      | Found a staircase to the Ecumenical Temple.
  4994 | D:4      | Noticed an ogre
  5003 | Temple   | Entered the Ecumenical Temple
  5341 | D:3      | Killed from afar by nemesis's ghost

Illustrated notes

Levels and vault maps discovered:
D:1:      dpeg_arrival_signposts, layout_basic, corexii_item_surrounded_by_moat,
          minmay_splitting_lines, minivault_4
D:2:      minmay_chambers_of_ones, layout_basic, ebering_ecumenical_altar_rust
D:3:      layout_loops_ring, nzn_wu_jian_contemplation, ebering_ghost_gozag
D:4:      layout_gridville, nicolae_uskayaw_dance_hall,
          minmay_temple_entry_butterflies, grunt_decor_cap,
          amcnicky_mini_corridor_feature
Temple:   dpeg_chambers_temple

Skill      XL: |  1  2  3  4 |
---------------+-------------+-----
Stealth        | 2 3 4 5 |  5.0
Slings         | 1 2 |  2.1
Spellcasting   | 1 |  1.8
Short Blades   | 1 |  1.3
Dodging        | 4 |  4.3
Evocations     | 5 |  5.0
Fighting       | |  0.7

Action                   |  1- 3 |  4- 6 || total
-------------------------+-------+-------++-------
Melee: Club              |    16 |       ||    16
       Dagger            |    65 |    41 ||   106
 Fire: Hunting sling     |   109 |    44 ||   153
Evoke: Wand              |     7 |    16 ||    23
       Piece from Xom's  |     1 |     1 ||     2
 Stab: Sleeping          |     2 |       ||     2
Armor: Robe              |    11 |     5 ||    16
Dodge: Dodged            |    91 |    49 ||   140
